 Dungeon Crawl Stone Soup version 0.31-a0-1-g4198be8af4 (webtiles) character file.

Game seed: 17511101833357332020

78623 Jase the Unseen (level 15, -3/109 HPs)
             Began as an Octopode Transmuter on May 2, 2023.
             Was the Champion of Dithmenos.
             Slain by a basilisk (5 damage)
             ... while petrified by a basilisk
             ... on level 5 of the Lair of Beasts.
             The game lasted 01:51:49 (23722 turns).

Jase the Unseen (Octopode Transmuter)              Turns: 23722, Time: 01:51:49

Health: -3/109     AC:  5    Str: 15    XL:     15   Next: 60%
Magic:  0/33       EV:  2    Int: 25    God:    Dithmenos [******]
Gold:   2348       SH:  0    Dex: 17    Spells: 19/27 levels left

rFire   . . .        a - +11 short sword "Ysuih" {freeze, Int+4}
rCold   + + .        (no shield)
rNeg    + + +        (helmet restricted)
rPois   ∞            R - amulet "Vixugro" {Spirit rPois rC+ Dex+2}
rElec   .            m - +4 ring of protection
rCorr   +            t - ring "Doxzeufau" {+Blink rC+}
SInv    +            y - ring of see invisible
Will    +....        E - ring of magical power Stlth ****++++++
                     n - +5 ring of evasion
HPRegen 0.38/turn    Q - +6 ring of strength
MPRegen 0.23/turn    D - ring of resist corrosion
                     j - ring of positive energy

%: guardian spirit
@: lethally poisoned (-3 -> -3), petrified, wreathed by umbra, studying
Spellcasting
A: almost no armour, amphibious, 8 rings, camouflage 1, gelatinous body 1,
(nimble swimmer 1), tentacles
a: Renounce Religion, Evoke Blink, Shadow Step, Shadow Form


You were on level 5 of the Lair of Beasts.
You worshipped Dithmenos.
Dithmenos was exalted by your worship.
You visited 4 branches of the dungeon, and saw 21 of its levels.
You also visited: Ossuary, Bailey and Ice Cave.

You collected 3613 gold pieces.
You spent 1265 gold pieces at shops.

Inventory:

Hand Weapons
 a - the +11 short sword "Ysuih" (weapon) {freeze, Int+4}
   (You found it on level 2 of the Dungeon)

   Int:       It affects your intelligence (+4).
Missiles
 i - a curare-tipped dart
 z - 22 poisoned darts (quivered)
Jewellery
 j - a ring of positive energy (on tentacle)
 m - a +4 ring of protection (left tentacle)
 n - a +5 ring of evasion (on tentacle)
 t - the ring "Doxzeufau" (right tentacle) {+Blink rC+}
   (You found it on level 3 of the Dungeon)

   [ring of protection from cold]

   rC:        It protects you from cold.
   +Blink:    It lets you blink.
 y - a ring of see invisible (on tentacle)
 D - a ring of resist corrosion (on tentacle)
 E - a ring of magical power (on tentacle)
 Q - a +6 ring of strength (on tentacle)
 R - the amulet "Vixugro" (around mantle) {Spirit rPois rC+ Dex+2}
   (You bought it in a shop on level 8 of the Dungeon)

   [amulet of guardian spirit]

   It causes incoming damage to be divided between your reserves of health and
   magic.
   Dex:       It affects your dexterity (+2).
   rC:        It protects you from cold.
   rPois:     It protects you from poison.
Wands
 x - a wand of mindburst (19)
 H - a wand of digging (13)
 I - a wand of flame (31)
 M - a wand of charming (41)
 N - a wand of roots (11)
 S - a wand of light (10)
 T - a wand of polymorph (11)
Scrolls
 f - 2 scrolls of blinking
 g - 3 scrolls of fear
 h - 2 scrolls of enchant armour
 o - a scroll of silence
 r - 4 scrolls of teleportation
 s - a scroll of summoning
 v - 2 scrolls of enchant weapon
 w - 6 scrolls of fog
 B - 3 scrolls of brand weapon
Potions
 b - 17 potions of curing
 d - 5 potions of flight
 e - 3 potions of ambrosia
 l - 4 potions of mutation
 p - 2 potions of lignification
 q - 6 potions of might
 u - 8 potions of heal wounds
 A - 4 potions of berserk rage
 C - 2 potions of invisibility
 F - 6 potions of haste
 J - 3 potions of magic
 L - 3 potions of resistance
 P - 2 potions of cancellation
 U - 4 potions of brilliance
Miscellaneous
 c - a phantom mirror
 K - a box of beasts


   Skills:
 + Level 12.6 Fighting
 - Level 10.0 Short Blades
 + Level 12.7 Dodging
 + Level 17.3 Stealth
 - Level 4.0 Unarmed Combat
 + Level 6.6 Spellcasting
 - Level 4.0 Transmutations
 + Level 12.0 Invocations
 - Level 7.0 Evocations


You had 19 spell levels left.
You knew the following spells:

 Your Spells              Type           Power      Damage    Failure   Level
a - Beastly Appendage     Tmut           56%        N/A       1%          1
b - Wereblood             Tmut           28%        N/A       1%          2
c - Spider Form           Tmut/Pois      18%        N/A       10%         3
p - Passwall              Tmut/Erth      15%        N/A       4%          2

Your spell library contained the following spells:

 Spells                   Type           Power      Damage    Failure   Level
 Apportation              Tloc           16%        N/A       7%          1
 Magic Dart               Conj           32%        1d4       7%          1
 Necrotise                Necr           32%        1d5       7%          1
 Sandblast                Erth           16%        2d6       7%          1
 Summon Small Mammal      Summ           32%        N/A       7%          1
 Cigotuvi's Dreadful Rot  Necr/Pois/Air  16%        N/A       11%         2
 Ensorcelled Hibernation  Hex/Ice        16%        N/A       11%         2
 Lesser Beckoning         Tloc           16%        N/A       11%         2
 Poisonous Vapours        Pois/Air       16%        N/A       11%         2
 Searing Ray              Conj           16%        2d5       11%         2
 Static Discharge         Conj/Air       16%        2-3/arc   11%         2
 Ignite Poison            Fire/Tmut/Pois 14%        N/A       12%         3
 Gell's Gravitas          Tloc           8%         N/A       22%         3
 Mephitic Cloud           Conj/Pois/Air  8%         N/A       22%         3
 Ozocubu's Armour         Ice            8%         N/A       22%         3
 Stone Arrow              Conj/Erth      16%        3d8       22%         3
 Teleport Other           Tloc           8%         N/A       22%         3
 Ice Form                 Ice/Tmut       18%        N/A       30%         4
 Airstrike                Air            4%         2d(1-17)  56%         4
 Anguish                  Hex/Necr       4%         N/A       56%         4
 Fulminant Prism          Conj/Hex       4%         3d5       56%         4
 Summon Lightning Spire   Summ/Air       8%         N/A       56%         4
 Alistair's Intoxication  Tmut/Pois      12%        N/A       65%         5
 Borgnjor's Vile Clutch   Necr/Erth      4%         N/A       89%         5
 Fireball                 Conj/Fire      4%         3d4       89%         5
 Freezing Cloud           Conj/Ice/Air   4%         6-21      89%         5
 Iskenderun's Battlesphe  Conj           8%         2d6       89%         5
 Eringya's Noxious Bog    Tmut/Pois      9%         N/A       99%         6
 Conjure Ball Lightning   Conj/Air       4%         3x3d6     100%        6
 Orb of Destruction       Conj           4%         9d5       100%        7
 Ozocubu's Refrigeration  Ice            4%         4d8       100%        7


Dungeon Overview and Level Annotations

Branches:
Dungeon (14/15)            Temple (1/1) D:5            Lair (5/5) D:9
  Swamp (0/4) Lair:3        Snake (0/4) Lair:2        Slime (0/5) Lair:5
    Orc (1/2) D:12         Vaults (0/5) D:14        Ossuary (visited)
 Bailey (visited)           IceCv (visited)

Altars:
Ashenzari
Cheibriados
Dithmenos
Elyvilon
Fedhas
Gozag
Hepliaklqana
Kikubaaqudgha
Makhleb
Nemelex Xobeh
Okawaru
Qazlal
Ru
Sif Muna
Trog
Uskayaw
Vehumet
Wu Jian
Xom
Yredelemnul
Zin
The Shining One
Jiyva

Shops:
D:7 !   D:8 *

Annotations:
D:6 11 exclusions
D:7 4 exclusions
D:12 2 transporters, 1 exclusion, Sleet's ghost, journeyman MiFi
Lair:5 2 runed translucent doors


Innate Abilities, Weirdness & Mutations

You cannot wear most types of armour.
You are amphibious.
You can wear up to eight rings at the same time.
Your skin changes colour to match your surroundings (Stealth+).
Your rubbery body absorbs attacks. (AC +1, EV +1)
((You are camouflaged when in or above water. (Stealth+)))
You have tentacles for arms and can constrict up to eight enemies at once.


Message History

The black mamba is heavily wounded.
Your shadow hits the black mamba with a short sword.
You constrict the black mamba.
You feel very sick. The black mamba bites you!
The komodo dragon is engulfed in a cloud of scalding steam.
You completely miss the black mamba.
You squeeze the black mamba, but do no damage.
The black mamba is severely wounded.
You constrict the black mamba.
You feel sick. The black mamba bites you! The basilisk bites you!
The black mamba barely misses you.
You have turned to stone.
You constrict the black mamba! The black mamba bites you!
The komodo dragon bites you!! The basilisk bites you!
You constrict the black mamba!
You kill the black mamba!
Dithmenos accepts your kill. The komodo dragon bites you!!
The basilisk bites you but does no damage.
The steam dragon breathes steam at you. The ball of steam hits you.
The komodo dragon bites you!!
* * * LOW HITPOINT WARNING * * *
The basilisk bites you!
* * * LOW HITPOINT WARNING * * *
The lindwurm bites you but does no damage.
The lindwurm claws you.
* * * LOW HITPOINT WARNING * * *
The lindwurm claws you.
* * * LOW HITPOINT WARNING * * *
You hear an angry hiss.
You are engulfed in a cloud of scalding steam.
* * * LOW HITPOINT WARNING * * *
The steam dragon bites you but does no damage.
The steam dragon claws you. The komodo dragon bites you!
* * * LOW HITPOINT WARNING * * *
The lindwurm breathes flames at you. The blast of flame hits you!!
* * * LOW HITPOINT WARNING * * *
The basilisk bites you!
You die...

§.♣♣♣...# #≈≈..≈≈#§≈≈§§≈§≈#.
§..♣♣♣..##
######..≈§≈≈######≈§≈.
...♣♣♣...#
#8#8##.##≈≈##$$$$##≈§§
###♣♣....#
#......#§≈#!/..)}#§≈§ ..#
♣♣...###8#......#§#...D..#§§.
..# ♣<....##
#.......≈#......#≈#. ..#
♣.....# #§§...§§.#......#≈#.
..# ♣....##
##§§.k.#§.##....##§## ..#
♣...## #.§.@l.#≈≈k##++##§≈≈#
#'#
♣♣..###.....lD..#≈≈§≈..≈≈≈§##
..#
♣....#.............≈≈§.≈≈####
..#
♣♣...####...........§§§≈..###
### ♣....##
####...........§...## .÷#
♣♣....### ##≈§≈≈....§.....≈§
..# ♣.......###
###≈≈≈≈.....≈≈≈≈# ..#
♣♣........## ##≈§≈..≈≈≈≈≈##
..# ♣.........# ≈≈≈≈≈≈≈#8##


You could see a lindwurm (catching breath), a komodo dragon, a basilisk and a
steam dragon (catching breath).

Vanquished Creatures
  Kirke (Lair:3)
  Snorg (Lair:5)
  6 hydras
  3 centaur warriors
  2 catoblepae
  5 two-headed ogres
  A boulder beetle (D:14)
  8 death yaks
  A death knight (D:14)
  A vampire mage (Lair:5)
  An orc high priest (Orc:1)
  A skyshark (Lair:5)
  7 skeletal warriors (D:14)
  Amaemon (Lair:3)
  A phantasmal warrior (D:14)
  Pikel (D:6)
  A necromancer (Lair:3)
  An orc knight (Orc:1)
  2 ugly things
  2 manticores
  An orc sorcerer (Orc:1)
  2 cyclopes
  14 elephants
  3 ice statues (IceCv)
  4 black mambas (Lair:5)
  A torpor snail (Lair:3)
  An orange demon (Lair:3)
  2 molten gargoyles (Lair:5)
  4 gargoyles
  A rime drake (Lair:4)
  12 cane toads
  2 kobold demonologists
  4 unseen horror zombies (D:9)
  3 freezing wraiths
  2 ice devils (D:12)
  12 komodo dragons
  4 trolls
  3 meliai (D:13)
  4 polar bears
  3 hornets
  Prince Ribbit (Lair:2)
  37 blink frogs
  Sigmund (D:6)
  A culicivora (shapeshifter) (D:14)
  A centaur simulacrum (D:13)
  6 wyverns
  A vampire (Bailey)
  A dire elephant simulacrum (IceCv)
  2 humans
  6 hogs
  6 basilisks
  46 yaks
  8 vampire mosquitoes
  4 steam dragons
  2 death yak simulacra (IceCv)
  2 nagas (Lair:2)
  An acid dragon (D:9)
  3 hell hounds (Lair:5)
  9 water moccasins
  A meliai simulacrum (D:12)
  A hydra simulacrum (IceCv)
  13 orc warriors
  A sky beast (D:7)
  2 ice beasts
  A black bear (Lair:3)
  4 wolves (Lair:4)
  6 ogres
  A lemure (D:6)
  12 centaurs
  A phantom (D:6)
  3 kobold brigands
  8 bullfrogs
  A gnoll sergeant (D:12)
  A cane toad simulacrum (IceCv)
  8 scorpions
  31 wights
  3 killer bees (D:10)
  8 vampire bats (Bailey)
  5 howler monkeys
  7 wolf zombies (Bailey)
  An electric eel (Lair:2)
  4 lava snakes (Lair:5)
  4 centaur zombies
  5 human zombies (Ossuary)
  A jelly (D:5)
  2 hounds
  8 orc priests
  A sleepcap (D:7)
  An iron imp (D:14)
  3 iguanas
  13 orc wizards
  5 hell rats (Lair:3)
  5 scorpion zombies (Ossuary)
  5 polar bear simulacra
  A wolf simulacrum (Lair:3)
  4 yak simulacra (Lair:3)
  3 mummies (Ossuary)
  A howler monkey zombie (D:9)
  3 adders
  19 gnolls
  3 white imps
  2 ufetubi (D:12)
  39 orcs
  8 endoplasms
  5 giant cockroaches
  11 goblins
  11 hobgoblins
  3 jackals (D:1)
  16 kobolds
  3 quokkas
  6 ball pythons
  10 bats
  2 frilled lizards (D:1)
  2 gnoll zombies (Ossuary)
  4 goblin zombies (Ossuary)
  A hobgoblin zombie (Ossuary)
  3 kobold zombies (Ossuary)
  20 orc zombies (Bailey)
  4 rats (D:1)
  3 river rat simulacra (Lair:3)
630 creatures vanquished.

Vanquished Creatures (others)
  14 fungi
  18 plants
32 creatures vanquished.

Grand Total: 662 creatures vanquished

Notes
Turn   | Place    | Note
-------+----------+-------------------------------------------
     0 | D:1      | Jase the Octopode Transmuter began the quest for the Orb.
     0 | D:1      | Reached XP level 1. HP: 13/13 MP: 3/3
   124 | D:1      | Reached XP level 2. HP: 18/18 MP: 3/5
   145 | D:1      | Learned a level 2 spell: Wereblood
   362 | D:1      | Reached XP level 3. HP: 23/23 MP: 2/6
   705 | D:1      | Learned a level 3 spell: Spider Form
  1435 | D:2      | Reached XP level 4. HP: 28/28 MP: 5/7
  1723 | D:2      | Identified the +11 short sword "Ysuih" {freeze, Int+4}
  2109 | D:3      | Found a faded altar of an unknown god.
  2111 | D:3      | Noticed a kobold brigand
  2119 | D:3      | Killed a kobold brigand
  2120 | D:3      | Reached skill level 1 in Short Blades
  2120 | D:3      | Reached skill level 1 in Stealth
  2120 | D:3      | Reached XP level 5. HP: 26/33 MP: 8/8
  2215 | D:3      | Identified the ring "Doxzeufau" {+Blink rC+}
  2821 | D:4      | Reached skill level 2 in Stealth
  2925 | D:4      | Reached XP level 6. HP: 27/39 MP: 7/9
  3467 | D:5      | Entered Level 5 of the Dungeon
  3520 | D:5      | Reached skill level 3 in Stealth
  3520 | D:5      | Reached XP level 7. HP: 45/45 MP: 8/10
  3811 | D:5      | Found a staircase to the Ecumenical Temple.
  4051 | D:5      | Found a glowing silver altar of Zin.
  4267 | D:5      | Found a stormy altar of Qazlal.
  4269 | D:5      | Found a sparkling altar of Nemelex Xobeh.
  4335 | D:6      | Reached skill level 4 in Stealth
  4468 | D:6      | Reached XP level 8. HP: 52/52 MP: 11/11
  4469 | D:6      | Noticed a hornet
  4477 | D:6      | Killed a hornet
  4478 | D:6      | Reached skill level 5 in Short Blades
  4478 | D:6      | Reached skill level 5 in Stealth
  4552 | D:6      | Found a burning altar of Makhleb.
  4552 | D:6      | Noticed an Executioner
  4591 | D:6      | Noticed Pikel
  4609 | D:6      | Killed Pikel
  4610 | D:6      | Reached skill level 5 in Dodging
  4610 | D:6      | Reached skill level 6 in Stealth
  4610 | D:6      | Reached XP level 9. HP: 40/59 MP: 9/12
  4836 | D:6      | Found a sand-covered staircase.
  4845 | Ossuary  | Entered an ossuary
  4960 | Ossuary  | Reached skill level 5 in Fighting
  5008 | Ossuary  | Reached skill level 7 in Stealth
  5451 | Temple   | Entered the Ecumenical Temple
  5666 | Temple   | Became a worshipper of Dithmenos the Shadowed
  5894 | D:6      | Reached skill level 1 in Invocations
  5907 | D:6      | Noticed Sigmund
  5925 | D:6      | Reached skill level 8 in Stealth
  5925 | D:6      | Reached XP level 10. HP: 50/68 MP: 13/13
  6005 | D:6      | Killed Sigmund
  6283 | D:7      | Found a flagged portal.
  6315 | Bailey   | Entered a bailey
  6380 | Bailey   | Reached * piety under Dithmenos
  6667 | Bailey   | Noticed a gargoyle
  6672 | Bailey   | Killed a gargoyle
  6704 | Bailey   | Reached ** piety under Dithmenos
  6802 | Bailey   | Identified the +1 plate armour of Narcissism {Rampage SInv}
  6913 | D:7      | Reached skill level 9 in Stealth
  7157 | D:7      | Found Saturpho's Distillery.
  7163 | D:7      | Bought a potion of haste for 140 gold pieces
  7163 | D:7      | Bought a potion of resistance for 140 gold pieces
  7861 | D:8      | Reached XP level 11. HP: 74/74 MP: 14/14
  7867 | D:8      | Reached *** piety under Dithmenos
  8125 | D:8      | Found Turr's Neck Hole.
  8409 | D:9      | Noticed a two-headed ogre
  8415 | D:9      | Killed a two-headed ogre
  8416 | D:9      | Reached skill level 10 in Short Blades
  8416 | D:9      | Reached skill level 10 in Stealth
  8443 | D:9      | Noticed a brown ugly thing
  8449 | D:9      | Killed a brown ugly thing
  8450 | D:9      | Reached skill level 5 in Invocations
  8450 | D:9      | Reached skill level 1 in Evocations
  8565 | D:9      | Noticed a two-headed ogre
  8627 | D:9      | Noticed a two-headed ogre
  8639 | D:9      | Killed a two-headed ogre
  8852 | D:9      | Killed a two-headed ogre
  8853 | D:9      | Reached skill level 11 in Stealth
  9066 | D:9      | Found a staircase to the Lair.
  9265 | D:10     | Entered Level 10 of the Dungeon
  9275 | D:10     | Reached **** piety under Dithmenos
  9578 | D:10     | Reached XP level 12. HP: 82/82 MP: 16/16
 10726 | D:9      | Identified 3 scrolls of acquirement
 10726 | D:9      | Acquired 1123 gold pieces
 10729 | D:9      | Acquired 784 gold pieces
 10731 | D:9      | Acquired a manual of Spellcasting
 10735 | Lair:1   | Entered Level 1 of the Lair of Beasts
 11054 | Lair:1   | Reached skill level 12 in Stealth
 11445 | Lair:1   | Reached skill level 5 in Evocations
 11792 | D:8      | Bought the amulet "Vixugro" {Spirit rPois rC+ Dex+2} for
                  | 733 gold pieces
 11857 | D:7      | Bought a potion of haste for 140 gold pieces
 11857 | D:7      | Bought a potion of berserk rage for 70 gold pieces
 11857 | D:7      | Bought a potion of curing for 42 gold pieces
 12273 | Lair:2   | Noticed Prince Ribbit
 12290 | Lair:2   | Killed Prince Ribbit
 12304 | Lair:2   | Reached ***** piety under Dithmenos
 12903 | Lair:2   | Found a staircase to the Snake Pit.
 13030 | Lair:2   | Reached skill level 13 in Stealth
 13046 | Lair:2   | Reached XP level 13. HP: 90/90 MP: 19/19
 13933 | Lair:3   | Found a staircase to the Swamp.
 14468 | Lair:3   | Reached skill level 10 in Dodging
 14675 | Lair:2   | Reached skill level 10 in Fighting
 14766 | Lair:3   | Reached skill level 14 in Stealth
 15334 | Lair:3   | Noticed Kirke
 15337 | Lair:3   | Killed Kirke
 15768 | Lair:3   | Noticed Amaemon
 15771 | Lair:3   | Killed Amaemon
 15968 | Lair:4   | Reached XP level 14. HP: 99/99 MP: 21/21
 16127 | Lair:4   | Reached skill level 15 in Stealth
 16350 | Lair:3   | Reached skill level 10 in Invocations
 16737 | Lair:4   | Reached ****** piety under Dithmenos
 17834 | D:12     | Found a frozen archway.
 17924 | IceCv    | Entered an ice cave
 18633 | D:12     | Learned a level 2 spell: Passwall
 18797 | D:12     | Noticed Sleet's ghost (journeyman MiFi)
 18901 | D:12     | Found a staircase to the Orcish Mines.
 19134 | D:12     | Found a transporter.
 19145 | D:12     | You fall into a shaft and drop 2 floors!
 19176 | D:14     | Reached skill level 16 in Stealth
 20051 | D:13     | Reached XP level 15. HP: 78/108 MP: 19/23
 20339 | D:12     | Found a transporter.
 20975 | D:14     | Found a gate to the Vaults.
 21270 | D:14     | Found a snail-covered altar of Cheibriados.
 21376 | Orc:1    | Entered Level 1 of the Orcish Mines
 21544 | Orc:1    | Reached skill level 5 in Spellcasting
 22048 | Lair:5   | Entered Level 5 of the Lair of Beasts
 22152 | Lair:5   | Noticed Snorg
 22161 | Lair:5   | Killed Snorg
 22162 | Lair:5   | Reached skill level 17 in Stealth
 23009 | Lair:5   | Found a viscous altar of Jiyva.
 23009 | Lair:5   | Found a staircase to the Slime Pits.
 23069 | Lair:5   | Found a runed translucent door.
 23203 | Lair:5   | Found a large runed translucent door.
 23211 | Lair:5   | Found a large runed translucent door.
 23722 | Lair:5   | HP: 2/109 [lindwurm/blast of flame (10)]
 23722 | Lair:5   | Slain by a basilisk

Illustrated notes

Levels and vault maps discovered:
D:1:      ncdulo_lavacross, layout_loops_ring, minmay_pentomino_o4
D:2:      layout_basic, grunt_ministairs_5
D:3:      layout_basic, basic_ecumenical_altar
D:4:      layout_loops_ring, corexii_leaking_fountain, amethyst_killhole
D:5:      layout_basic, marbit_many_paths,
          chequers_temple_overflow_statue_of_worship,
          minmay_temple_entry_from_below_a
D:6:      layout_loops_ring, makhleb_altar_promises_db, enter_ossuary_2,
          nicolae_underground_beach, uniq_pikel, uniq_sigmund
D:7:      layout_basic, enter_bailey_3, serial_shops, shop, grunt_livestock,
          corexii_hall_statues_i
D:8:      layout_gridville, supply_closet_lemuel,
          nicolae_shop_sticking_my_neck_out
D:9:      layout_loops_cross, dpeg_oklobed_lair, serial_undead, serial_undead_d,
          serial_undead_a, serial_undead_d, serial_undead_c
D:10:     layout_irregular_city
D:11:     layout_rooms
D:12:     layout_basic, minmay_orc_entry_temple_small,
          gammafunk_ghost_stat_death, serial_ice, serial_ice_a, serial_ice_f,
          serial_ice_e, serial_ice_n, portal_ice_cave_demonic_guard
D:13:     layout_rooms, nicolae_elevator_lobby_plus
D:14:     layout_roguey, david_vaults_4, hex_intersection, slow_altar_2
Temple:   dpeg_five_rooms_temple
Lair:1:   layout_cave_pods, serial_bayou_shore_b, serial_bayou_shore_b,
          infiniplex_staircase_pool_2
Lair:2:   layout_cave_pods, guppyfry_snake_entry_island, st_stairs_11,
          small_statue_intersection, nicolae_quartered_pool_little,
          minivault_25, uniq_prince_ribbit2
Lair:3:   layout_cave_pods, swamp_mist_pool, eino_house_with_fridge,
          serial_bayou_shore_b, uniq_amaemon, uniq_kirke
Lair:4:   layout_gridlike, infiniplex_staircase_pool
Lair:5:   cheibrodos_lair_end_hotspot, layout_regular_city,
          dpeg_slime_entry_enclosed, chequers_serial_rivers_small_b,
          pdpol_lair_cabin_in_the_woods, uniq_snorg
Orc:1:    layout_caves

Skill      XL: |  1  2  3  4  5  6  7  8  9 10 11 12 13 14 15 |
---------------+----------------------------------------------+-----
Transmutations | 3 4 |  4.0
Unarmed Combat | 4 |  4.0
Short Blades   | 1 2 3 4 6 8 9 10 | 10.0
Stealth        | 1 2 3 4 6 8 9 11 13 14 16 17 | 17.3
Fighting       | 2 3 4 5 6 8 9 10 11 12 | 12.6
Dodging        | 3 5 6 7 8 9 10 12 | 12.7
Invocations    | 1 4 6 7 9 11 12 | 12.0
Evocations     | 3 6 7 |  7.0
Spellcasting   | 4 6 |  6.6

Action                     |  1- 3 |  4- 6 |  7- 9 | 10-12 | 13-15 || total
---------------------------+-------+-------+-------+-------+-------++-------
  Melee: Unarmed           |    88 |     3 |       |       |     9 ||   100
         Tentacles         |    15 |     7 |    39 |   127 |   314 ||   502
         Constrict         |    20 |    15 |    32 |    51 |    88 ||   206
         Kick              |    19 |     9 |    15 |    39 |   242 ||   324
         Punch             |     1 |     3 |     6 |    25 |    40 ||    75
         Short sword       |       |    79 |   177 |   512 |  1000 ||  1768
  Throw: Dart              |       |       |       |       |     1 ||     1
   Cast: Beastly Appendage |    27 |     6 |     6 |    12 |    40 ||    91
         Wereblood         |     2 |     4 |     1 |     8 |    15 ||    30
         Spider Form       |       |       |       |       |     1 ||     1
 Invoke: Shadow Step       |       |       |       |       |     2 ||     2
Ability: Evoke Blink       |       |       |       |       |     2 ||     2
  Evoke: Wand              |       |       |       |     1 |     6 ||     7
    Use: Scroll            |       |     5 |     7 |    11 |    12 ||    35
         Potion            |       |       |       |     2 |     5 ||     7
   Stab: Sleeping          |     5 |     5 |    21 |    66 |    81 ||   178
         Distracted        |       |       |       |     1 |     6 ||     7
 Armour: Skin              |     9 |    11 |    21 |    46 |    35 ||   122
  Dodge: Dodged            |    52 |    33 |    56 |   244 |   600 ||   985

Table legend: (Time is in decaauts)
 A = Elapsed time spent in this place.
 B = Non-inter-level travel time spent in this place.
 C = Inter-level travel time spent in this place.
 D = Time resting spent in this place.
 E = Time spent auto-exploring this place.
 F = Levels seen in this place.
 G = Mean time per level.
                   A        B        C        D        E       F      G
               +--------+--------+--------+--------+--------+-----+--------+
         Total |  22929 |  21684 |   1245 |   4746 |  10765 |  24 |  955.4 |
       Dungeon |  13044 |  12165 |    879 |   1828 |   7186 |  14 |  931.7 |
        Temple |    265 |    215 |     50 |      0 |    201 |   1 |  265.0 |
          Lair |   7452 |   7142 |    310 |   2105 |   3199 |   5 | 1490.4 |
  Orcish Mines |    505 |    499 |      6 |    167 |    173 |   1 |  505.0 |
       Ossuary |    517 |    517 |      0 |    128 |      6 |   1 |  517.0 |
        Bailey |    506 |    506 |      0 |    158 |      0 |   1 |  506.0 |
      Ice Cave |    637 |    637 |      0 |    360 |      0 |   1 |  637.0 |
               +--------+--------+--------+--------+--------+-----+--------+

Top non-repeatable levels by time:
  Lair:3: 1864 daAuts
  Lair:2: 1788 daAuts
  Lair:5: 1606 daAuts
    D:10: 1519 daAuts
  Lair:1: 1273 daAuts
     D:8: 1243 daAuts
    D:14: 1131 daAuts
    D:12: 987 daAuts
     D:2: 978 daAuts
     D:9: 953 daAuts
     D:1: 944 daAuts
     D:6: 940 daAuts
  Lair:4: 921 daAuts
     D:5: 864 daAuts
     D:4: 864 daAuts
